| TOP OF THE 1ST |
|
San Antonio Missions batting - Pitching for Reading Fightin Phils : RHP Tony Ferreira
|
|
Pitching: RHP Tony Ferreira
|
|
|
Batting: RHB Caleb Russell
|
0-0: Ball 1-0: Called Strike 1-1: Called Strike 1-2: SINGLE (Groundball, 56S, EV 70.0 MPH) (infield hit)
|
|
Batting: RHB Jesse White
|
0-0: Swinging Strike 0-1: Ball 1-1: Fly out, F7 (Flyball, 7LS, EV 83.8 MPH)
|
|
Batting: RHB Kory Sanchez
|
0-0: Called Strike Caleb Russell steals 2nd base 0-1: Ball 1-1: Ball 2-1: Ball Wild Pitch! Caleb Russell to third 3-1: Swinging Strike 3-2: Foul Ball, location: 2F 3-2: Foul Ball, location: 2F 3-2: Ground out 4-3 (Groundball, 4, EV 87.5 MPH) Caleb Russell scores
|
|
Batting: LHB Pat Aviles
|
0-0: Called Strike 0-1: Swinging Strike 0-2: Ball 1-2: Foul Ball, location: 2F 1-2: Ball 2-2: SINGLE (Groundball, 34D, EV 102.5 MPH)
|
|
Batting: RHB Travis Carter
|
0-0: Ball 1-0: Called Strike 1-1: Ball 2-1: Foul Ball, location: 2F 2-2: Fielders Choice at 2nd, 6-4 (Groundball, 6, EV 85.6 MPH)
|
| Top of the 1st over - 1 run, 2 hits, 0 errors, 1 left on base; San Antonio 1 - Reading 0 |
| BOTTOM OF THE 1ST |
|
Reading Fightin Phils batting - Pitching for San Antonio Missions : RHP Dave Quintero
|
|
Pitching: RHP Dave Quintero
|
|
|
Batting: RHB Alberto Ramirez
|
0-0: Fly out, F9 (Flyball, 9, EV 83.8 MPH)
|
|
Batting: RHB Greg Herzig
|
0-0: Called Strike 0-1: Fly out, F8 (Flyball, 8RD, EV 97.5 MPH)
|
|
Batting: RHB Victor Arroyo
|
0-0: Ball 1-0: Ball 2-0: Foul Ball, location: 2F 2-1: Ball 3-1: Foul Ball, location: 2F 3-2: DOUBLE (Flyball, 8LXD, EV 98.1 MPH)
|
|
Batting: RHB John Manocchio
|
0-0: Foul Ball, location: 2F 0-1: Ball 1-1: Foul Ball, location: 2F 1-2: Fly out, F8 (Flyball, 8RD, EV 90.0 MPH)
|
| Bottom of the 1st over - 0 runs, 1 hit, 0 errors, 1 left on base; San Antonio 1 - Reading 0 |
| TOP OF THE 2ND |
|
San Antonio Missions batting - Pitching for Reading Fightin Phils : RHP Tony Ferreira
|
|
Batting: RHB Bryan Pitcher
|
0-0: Ball 1-0: Foul Ball, location: 2F 1-1: Foul Ball, location: 2F 1-2: Foul Ball, location: 2F 1-2: Ball 2-2: Ball 3-2: Base on Balls
|
|
Batting: RHB Jaden Scott
|
0-0: Swinging Strike 0-1: Ball 1-1: Fly out, F9 (Line Drive, 9S, EV 106.9 MPH)
|
|
Batting: SHB Isaiah Scates
|
0-0: Foul Ball, location: 2F 0-1: Ball 1-1: Swinging Strike 1-2: Strikes out looking
|
|
Batting: SHB Jorge Brito
|
0-0: Ground out 4-3 (Groundball, 34, EV 91.9 MPH)
|
| Top of the 2nd over - 0 runs, 0 hits, 0 errors, 1 left on base; San Antonio 1 - Reading 0 |
| BOTTOM OF THE 2ND |
|
Reading Fightin Phils batting - Pitching for San Antonio Missions : RHP Dave Quintero
|
|
Batting: RHB Mike Bell
|
0-0: Swinging Strike 0-1: Foul Ball, location: 2F 0-2: Ball 1-2: Foul Ball, location: 2F 1-2: SINGLE (Flyball, 8RS, EV 95.6 MPH)
|
|
Batting: RHB David Clough
|
0-0: Called Strike 0-1: Ball 1-1: Swinging Strike 1-2: Foul Ball, location: 2F 1-2: Foul Ball, location: 2F 1-2: Ball 2-2: Ball 3-2: Foul Ball, location: 2F 3-2: Fly out, F9 (Line Drive, 9D, EV 90.6 MPH)
|
|
Batting: SHB Marco de Leon
|
0-0: Called Strike 0-1: Ball 1-1: Ball 2-1: Ball 3-1: Swinging Strike 3-2: Ground out U3 (Groundball, 3, EV 87.5 MPH) Mike Bell to second
|
|
Batting: RHB Victor Arias
|
0-0: Ball 1-0: Foul Ball, location: 2F 1-1: Ball 2-1: DOUBLE (Flyball, 89D, EV 101.9 MPH) Mike Bell scores
|
|
Batting: RHB Jake Cox
|
0-0: Ball 1-0: Ball 2-0: Fly out, F7 (Flyball, 7, EV 87.5 MPH)
|
| Bottom of the 2nd over - 1 run, 2 hits, 0 errors, 1 left on base; San Antonio 1 - Reading 1 |
| TOP OF THE 3RD |
|
San Antonio Missions batting - Pitching for Reading Fightin Phils : RHP Tony Ferreira
|
|
Batting: RHB Caleb Russell
|
0-0: Called Strike 0-1: Ball 1-1: Swinging Strike 1-2: Ball 2-2: Strikes out swinging
|
|
Batting: RHB Jesse White
|
0-0: Ground out 3-1 (Groundball, 34, EV 91.9 MPH)
|
|
Batting: RHB Kory Sanchez
|
0-0: Ball 1-0: Called Strike 1-1: Swinging Strike 1-2: Foul Ball, location: 2F 1-2: Ball 2-2: Strikes out looking
|
| Top of the 3rd over - 0 runs, 0 hits, 0 errors, 0 left on base; San Antonio 1 - Reading 1 |
| BOTTOM OF THE 3RD |
|
Reading Fightin Phils batting - Pitching for San Antonio Missions : RHP Dave Quintero
|
|
Batting: RHB Alberto Ramirez
|
0-0: Ground out 4-3 (Groundball, 4, EV 81.2 MPH)
|
|
Batting: RHB Greg Herzig
|
0-0: Ball 1-0: Swinging Strike 1-1: Foul Ball, location: 2F 1-2: Strikes out swinging
|
|
Batting: RHB Victor Arroyo
|
0-0: Fly out, F6 (Popup, 6M, EV 70.6 MPH)
|
| Bottom of the 3rd over - 0 runs, 0 hits, 0 errors, 0 left on base; San Antonio 1 - Reading 1 |
| TOP OF THE 4TH |
|
San Antonio Missions batting - Pitching for Reading Fightin Phils : RHP Tony Ferreira
|
|
Batting: LHB Pat Aviles
|
0-0: Called Strike 0-1: Ball 1-1: Ball 2-1: Foul Ball, location: 2F 2-2: Ball 3-2: Foul Ball, location: 2F 3-2: Fly out, F3 (Popup, 3S, EV 62.5 MPH)
|
|
Batting: RHB Travis Carter
|
0-0: Called Strike 0-1: Foul Ball, location: 2F 0-2: Reached on error, E5 (Groundball, 5, EV 88.1 MPH)
|
|
Batting: RHB Bryan Pitcher
|
0-0: Foul Ball, location: 2F 0-1: Called Strike 0-2: Foul Ball, location: 2F 0-2: Ball 1-2: Ball Travis Carter is caught stealing 2nd base 2-4 2-2: Ball 3-2: Fly out, F4 (Popup, 34S, EV 63.8 MPH)
|
| Top of the 4th over - 0 runs, 0 hits, 1 error, 0 left on base; San Antonio 1 - Reading 1 |
| BOTTOM OF THE 4TH |
|
Reading Fightin Phils batting - Pitching for San Antonio Missions : RHP Dave Quintero
|
|
Batting: RHB John Manocchio
|
0-0: SINGLE (Groundball, 6MD, EV 99.4 MPH)
|
|
Batting: RHB Mike Bell
|
0-0: Ball 1-0: Called Strike 1-1: Ball 2-1: Ball Passed Ball! John Manocchio to second 3-1: Foul Ball, location: 2F 3-2: Base on Balls
|
|
Batting: RHB David Clough
|
0-0: Ground out 4-3 (Groundball, 4M, EV 106.9 MPH) John Manocchio to third Mike Bell to second
|
|
Batting: SHB Marco de Leon
|
0-0: Called Strike 0-1: Ball 1-1: Called Strike 1-2: Ground out 5-3 (Groundball, 5S, EV 66.2 MPH)
|
|
Batting: RHB Victor Arias
|
0-0: Ball 1-0: Foul Ball, location: 2F 1-1: Ball Wild Pitch! John Manocchio scores Mike Bell to third 2-1: Ball 3-1: Base on Balls
|
|
Batting: RHB Jake Cox
|
0-0: Swinging Strike 0-1: Swinging Strike 0-2: Ball 1-2: Strikes out swinging
|
| Bottom of the 4th over - 1 run, 1 hit, 0 errors, 2 left on base; San Antonio 1 - Reading 2 |
| TOP OF THE 5TH |
|
San Antonio Missions batting - Pitching for Reading Fightin Phils : RHP Tony Ferreira
|
|
Batting: RHB Jaden Scott
|
0-0: Called Strike 0-1: Ball 1-1: Called Strike 1-2: Ball 2-2: SINGLE (Groundball, 56, EV 96.2 MPH)
|
|
Batting: SHB Isaiah Scates
|
0-0: Ball 1-0: Called Strike 1-1: Ball 2-1: Ball 3-1: Base on Balls Jaden Scott to second
|
|
Batting: SHB Jorge Brito
|
0-0: Fly out, F9 (Flyball, 89S, EV 90.6 MPH)
|
|
Batting: RHB Caleb Russell
|
0-0: Ball 1-0: Foul Ball, location: 2F 1-1: SINGLE (Line Drive, 5L, EV 96.2 MPH) Jaden Scott to third Isaiah Scates to second
|
|
Batting: RHB Jesse White
|
0-0: Called Strike 0-1: Ball 1-1: Fly out, F7 (Flyball, 7, EV 96.9 MPH)
|
|
Batting: RHB Kory Sanchez
|
0-0: Called Strike 0-1: Foul Ball, location: 2F 0-2: Ball 1-2: Ball 2-2: SINGLE (Groundball, 56D, EV 108.1 MPH) Jaden Scott scores Isaiah Scates to third Caleb Russell to second Runner from 3rd tries for Home, throw by LF and OUT! 7-2
|
| Top of the 5th over - 1 run, 3 hits, 0 errors, 2 left on base; San Antonio 2 - Reading 2 |
| BOTTOM OF THE 5TH |
|
Reading Fightin Phils batting - Pitching for San Antonio Missions : RHP Dave Quintero
|
|
Batting: RHB Alberto Ramirez
|
0-0: Called Strike 0-1: Called Strike 0-2: Ball 1-2: Ball 2-2: Ground out 6-3 (Groundball, 6, EV 103.1 MPH)
|
|
Batting: RHB Greg Herzig
|
0-0: Ball 1-0: Ball 2-0: Foul Ball, location: 2F 2-1: Ball 3-1: Foul Ball, location: 2F 3-2: Ground out 6-3 (Groundball, 6, EV 100.6 MPH)
|
|
Batting: RHB Victor Arroyo
|
0-0: Ball 1-0: Ball 2-0: Called Strike 2-1: Foul Ball, location: 2F 2-2: Strikes out looking
|
| Bottom of the 5th over - 0 runs, 0 hits, 0 errors, 0 left on base; San Antonio 2 - Reading 2 |
| TOP OF THE 6TH |
|
San Antonio Missions batting - Pitching for Reading Fightin Phils : RHP Tony Ferreira
|
|
Pitching: RHP Andrew Giles
|
|
|
Batting: LHB Pat Aviles
|
0-0: Ball 1-0: Foul Ball, location: 2F 1-1: Ball 2-1: DOUBLE (Flyball, 89XD, EV 103.1 MPH)
|
|
Batting: RHB Travis Carter
|
0-0: Ball 1-0: Called Strike 1-1: Swinging Strike 1-2: Hit by Pitch
|
|
Batting: RHB Bryan Pitcher
|
0-0: Ball 1-0: Foul Ball, location: 2F 1-1: Ball 2-1: Ball 3-1: Base on Balls Pat Aviles to third Travis Carter to second
|
|
Batting: RHB Jaden Scott
|
0-0: Swinging Strike 0-1: Swinging Strike 0-2: Ball 1-2: Strikes out swinging
|
|
Batting: SHB Isaiah Scates
|
0-0: Ball 1-0: Foul Ball, location: 2F 1-1: Ball 2-1: Foul Ball, location: 2F 2-2: Ball 3-2: Strikes out swinging
|
|
Batting: SHB Jorge Brito
|
0-0: Ball 1-0: Called Strike 1-1: Ball 2-1: Swinging Strike 2-2: Strikes out swinging
|
| Top of the 6th over - 0 runs, 1 hit, 0 errors, 3 left on base; San Antonio 2 - Reading 2 |
| BOTTOM OF THE 6TH |
|
Reading Fightin Phils batting - Pitching for San Antonio Missions : RHP Dave Quintero
|
|
Batting: RHB John Manocchio
|
0-0: Fly out, F4 (Line Drive, 4, EV 70.6 MPH)
|
|
Batting: RHB Mike Bell
|
0-0: Ball 1-0: Ball 2-0: Called Strike 2-1: SINGLE (Groundball, 6D, EV 100.0 MPH)
|
|
Batting: RHB David Clough
|
0-0: Ball 1-0: Ground out 5-3 (Groundball, 56S, EV 61.9 MPH) Mike Bell to second
|
|
Batting: SHB Marco de Leon
|
0-0: Swinging Strike 0-1: Ball 1-1: Ground out 4-3 (Groundball, 34, EV 86.2 MPH)
|
| Bottom of the 6th over - 0 runs, 1 hit, 0 errors, 1 left on base; San Antonio 2 - Reading 2 |
| TOP OF THE 7TH |
|
San Antonio Missions batting - Pitching for Reading Fightin Phils : RHP Andrew Giles
|
|
Pitching: RHP Jonathan Beishline
|
|
|
Batting: RHB Caleb Russell
|
0-0: Ball 1-0: Foul Ball, location: 2F 1-1: Swinging Strike 1-2: Foul Ball, location: 2F 1-2: Foul Ball, location: 2F 1-2: Ball 2-2: Ball 3-2: Hit by Pitch
|
|
Batting: RHB Jesse White
|
0-0: Ball 1-0: Swinging Strike 1-1: Called Strike 1-2: Grounds into double play, 5-4-3 (Groundball, 56, EV 105.0 MPH)
|
|
Batting: RHB Kory Sanchez
|
0-0: Ball 1-0: Swinging Strike 1-1: Called Strike 1-2: Ground out 5-3 (Groundball, 56, EV 83.8 MPH)
|
| Top of the 7th over - 0 runs, 0 hits, 0 errors, 0 left on base; San Antonio 2 - Reading 2 |
| BOTTOM OF THE 7TH |
|
Reading Fightin Phils batting - Pitching for San Antonio Missions : RHP Dave Quintero
|
|
Batting: RHB Victor Arias
|
0-0: Ball 1-0: Ball 2-0: Ball 3-0: Called Strike 3-1: Called Strike 3-2: Foul Ball, location: 2F 3-2: Base on Balls
|
|
Pitching: RHP Rich Reinbolt
|
|
|
Batting: RHB Jake Cox
|
0-0: Ball Victor Arias steals 2nd base 1-0: Ball 2-0: Ball 3-0: Base on Balls
|
|
Batting: RHB Alberto Ramirez
|
0-0: Sac Bunt to 13 - play at first, batter OUT! 1-4 Victor Arias to third Jake Cox to second
|
|
Batting: RHB Greg Herzig
|
0-0: Called Strike 0-1: Foul Ball, location: 2F 0-2: Strikes out swinging
|
|
Batting: RHB Victor Arroyo
|
0-0: Called Strike 0-1: Ground out 6-3 (Groundball, 6, EV 87.5 MPH)
|
| Bottom of the 7th over - 0 runs, 0 hits, 0 errors, 2 left on base; San Antonio 2 - Reading 2 |
| TOP OF THE 8TH |
|
San Antonio Missions batting - Pitching for Reading Fightin Phils : RHP Jonathan Beishline
|
|
Batting: LHB Pat Aviles
|
0-0: Swinging Strike 0-1: Ball 1-1: Called Strike 1-2: Ball 2-2: Strikes out swinging
|
|
Batting: RHB Travis Carter
|
0-0: Called Strike 0-1: SOLO HOME RUN (Flyball, 7D, EV 98.1 MPH), Distance : 365 ft
|
|
Batting: RHB Bryan Pitcher
|
0-0: Called Strike 0-1: Ball 1-1: Called Strike 1-2: Foul Ball, location: 2F 1-2: Foul Ball, location: 2F 1-2: Ball 2-2: Foul Ball, location: 2F 2-2: Foul Ball, location: 2F 2-2: Foul Ball, location: 2F 2-2: Foul Ball, location: 2F 2-2: SOLO HOME RUN (Flyball, 9D, EV 98.8 MPH), Distance : 378 ft
|
|
Batting: RHB Jaden Scott
|
0-0: DOUBLE (Groundball, 5L, EV 103.8 MPH)
|
|
Pitching: RHP T.J. Gray
|
|
|
Batting: SHB Isaiah Scates
|
0-0: Ball 1-0: Foul Ball, location: 2F 1-1: Foul Ball, location: 2F 1-2: Ball 2-2: Strikes out swinging
|
|
Batting: SHB Jorge Brito
|
0-0: Called Strike 0-1: Ball 1-1: Ball 2-1: Swinging Strike 2-2: Foul Ball, location: 2F 2-2: Foul Ball, location: 2F 2-2: Ball 3-2: Strikes out swinging
|
| Top of the 8th over - 2 runs, 3 hits, 0 errors, 1 left on base; San Antonio 4 - Reading 2 |
| BOTTOM OF THE 8TH |
|
Reading Fightin Phils batting - Pitching for San Antonio Missions : RHP Rich Reinbolt
|
|
Now at 1B: Eric Sandell
|
|
|
Now at 2B: Jaden Scott
|
|
|
Now at SS: Travis Carter
|
|
|
Batting: RHB John Manocchio
|
0-0: Ball 1-0: Ground out 4-3 (Groundball, 4S, EV 91.2 MPH)
|
|
Batting: RHB Mike Bell
|
0-0: Called Strike 0-1: Foul Ball, location: 2F 0-2: Ball 1-2: Ground out 5-3 (Groundball, 5S, EV 84.4 MPH)
|
|
Batting: RHB David Clough
|
0-0: Ball 1-0: Foul Ball, location: 2F 1-1: Ground out U3 (Groundball, 3, EV 88.1 MPH)
|
| Bottom of the 8th over - 0 runs, 0 hits, 0 errors, 0 left on base; San Antonio 4 - Reading 2 |
| TOP OF THE 9TH |
|
San Antonio Missions batting - Pitching for Reading Fightin Phils : RHP T.J. Gray
|
|
Pitching: RHP Ian Savary
|
|
|
Batting: RHB Caleb Russell
|
0-0: Ball 1-0: Fly out, F7 (Flyball, 7S, EV 72.5 MPH)
|
|
Batting: RHB Jesse White
|
0-0: Ball 1-0: Ball 2-0: Ball 3-0: Called Strike 3-1: Fly out, F8 (Flyball, 8RD, EV 82.5 MPH)
|
|
Batting: RHB Kory Sanchez
|
0-0: Ball 1-0: Foul Ball, location: 2F 1-1: Ball 2-1: Ball 3-1: Base on Balls
|
|
Batting: LHB Pat Aviles
|
0-0: Ball 1-0: Foul Ball, location: 2F 1-1: Foul Ball, location: 2F 1-2: Strikes out looking
|
| Top of the 9th over - 0 runs, 0 hits, 0 errors, 1 left on base; San Antonio 4 - Reading 2 |
| BOTTOM OF THE 9TH |
|
Reading Fightin Phils batting - Pitching for San Antonio Missions : RHP Rich Reinbolt
|
|
Pitching: RHP Andy Dunmire
|
|
|
Batting: SHB Marco de Leon
|
0-0: Ball 1-0: Called Strike 1-1: Ball 2-1: Foul Ball, location: 2F 2-2: Ball 3-2: Base on Balls
|
|
Batting: RHB Victor Arias
|
0-0: Ball 1-0: Swinging Strike 1-1: Ball 2-1: Called Strike 2-2: Strikes out swinging
|
|
Batting: RHB Jake Cox
|
0-0: Foul Ball, location: 2F 0-1: Foul Ball, location: 2F 0-2: Ball 1-2: Ball 2-2: SINGLE (Flyball, 56D, EV 87.5 MPH) Marco de Leon to second
|
|
Batting: RHB Alberto Ramirez
|
0-0: Ball 1-0: Foul Ball, location: 2F 1-1: Foul Ball, location: 2F 1-2: DOUBLE (Groundball, 5L, EV 103.1 MPH) Marco de Leon scores Jake Cox to third Runner from 3rd tries for Home, throw by LF and OUT! 7-6-2 Alberto Ramirez to third
|
|
Pitching: RHP Danny Rasdall
|
|
|
Batting: RHB Greg Herzig
|
0-0: Ball 1-0: Called Strike 1-1: Fly out, F9 (Flyball, 9D, EV 95.0 MPH)
|
| Bottom of the 9th over - 1 run, 2 hits, 0 errors, 1 left on base; San Antonio 4 - Reading 3 |
|